 Dungeon Crawl Stone Soup version 0.29-a0-214-g17f627cfee (webtiles) character file.

Game seed: 17103354833332854031

105 mcwallace the Chiller (level 4, -5/29 HPs)
             Began as an Octopode Ice Elementalist on Feb 25, 2022.
             Slain by Sigmund
             ... wielding a +0 scythe
              (12 damage)
             ... on level 3 of the Dungeon.
             The game lasted 00:03:17 (2391 turns).

mcwallace the Chiller (Octopode Ice Elementalist)   Turns: 2391, Time: 00:03:17

Health: -5/29      AC:  1    Str:  7    XL:     4   Next: 83%
Magic:  2/8        EV: 13    Int: 19    God:
Gold:   162        SH:  0    Dex: 12    Spells: 4/8 levels left

rFire   . . .      SeeInvis .   m - +1 dagger (venom) {short}
rCold   . . .      Faith    .   (no shield)
rNeg    . . .      Spirit   .   (helmet restricted)
rPois   .          Reflect  .   (no amulet)
rElec   .          Harm     .   (no ring)
rCorr   .          Rampage  .   (no ring)
Will    .....                   (no ring)
Stlth   ++........              (no ring)
HPRegen 0.09/turn               (no ring)
MPRegen 0.11/turn               (no ring)
                                (no ring)
                                (no ring)

@: confused, freezing walls
A: almost no armour, amphibious, 8 rings, camouflage 1, gelatinous body 1,
(nimble swimmer 1), tentacles
a: no special abilities


You were on level 3 of the Dungeon.
You visited 1 branch of the dungeon, and saw 3 of its levels.

You collected 162 gold pieces.


Innate Abilities, Weirdness & Mutations

You cannot wear most types of armour.
You are amphibious.
You can wear up to eight rings at the same time.
Your skin changes colour to match your surroundings (Stealth+).
Your rubbery body absorbs attacks. (AC +1, EV +1)
((You are camouflaged when in or above water. (Stealth+)))
You have tentacles for arms and can constrict up to eight enemies at once.


   Skills:
 + Level 1.9 Fighting
 + Level 2.9 Dodging
 - Level 2.6 Stealth
 + Level 2.7 Spellcasting
 + Level 4.5 Ice Magic


You had 4 spell levels left.
You knew the following spells:

 Your Spells              Type           Power      Damage    Failure   Level
a - Freeze                Ice            80%        1d9       2%          1
b - Frozen Ramparts       Ice            40%        1d6       7%          3

Your spell library contained the following spells:

 Spells                   Type           Power      Damage    Failure   Level
 Ozocubu's Armour         Ice            20%        N/A       7%          3
 Hailstorm                Conj/Ice       11%        3d5       52%         4

Inventory:

Hand Weapons
 b - a +0 short sword {short}
   (You took it off a kobold on level 1 of the Dungeon)
 m - a +1 dagger of venom (weapon) {short}
   (You took it off a kobold on level 2 of the Dungeon)
Missiles
 a - 77 stones {throwing}
 i - 5 boomerangs {throwing}
Magical Staves
 j - a staff of conjuration {!a@e2staff}
   (You found it on level 2 of the Dungeon)
Scrolls
 c - a scroll of holy word {unknown}
 d - a scroll of identify {unknown}
 e - a scroll of teleportation {unknown}
 g - a scroll of silence {unknown}
 k - a scroll of enchant armour {unknown}
Potions
 f - a potion of curing {unknown}
 h - a potion of flight {unknown}
 l - a potion of lignification {unknown}
 n - a potion of heal wounds {unknown}

Dungeon Overview and Level Annotations

Branches:
Dungeon (3/15)

Altars:
Elyvilon

Shops:
D:1 *

Annotations:
D:3 Sigmund

#........#.....<..
#.######..<.######
#.#######.#.#
#.........#.#
##..########.# ##.#...#
#.# #.###..######.# .##
##.....##.#######.#
#.###..###.>....@.{...#
##.#.#.# ##############
##..#.# #........
#.>...### ##.#..#
#.#..# #...... #.# .##.


There were no monsters in sight!


Message History

There is a stone staircase leading down here.
You start resting. 😎 HP[+9]
Your hp is fully restored (29).
You climb downwards.
There is a stone staircase leading up here.
n - an inky potion
Found an escape hatch in the floor.
An adder comes into view.
Found a stone staircase leading down.
The adder hisses angrily.
The adder bites you. 😕 HP[-2]
You take 2 damage, and now have 27/29 hp.
You freeze the adder! The adder closely misses you. 😕 MP[-1]
You lost 1 mp, and now have 7/8 mp.
You freeze the adder!
You kill the adder! 😕 MP[-1]
You lost 1 mp, and now have 6/8 mp.
There is a stone staircase leading down here.
A jackal comes into view. 😎 HP[+2] MP[+2]
Your hp is fully restored (29).
Your mp is fully restored (8).
A jackal is nearby!
The jackal barks!
You hear a bark! x2; You hear a shout!
A jackal comes into view.
A jackal comes into view.
The jackal closely misses you.
You closely miss the jackal. Your grab misses the jackal.
The jackal misses you. The jackal barely misses you.
You freeze the jackal.
Sigmund the Dreaded comes into view.
He is wielding a +0 scythe.
The jackal misses you. 😎 MP[-1]
You lost 1 mp, and now have 7/8 mp.
Casting: Freeze (safe; 2% risk of failure)
Confirm with . or Enter, or press ? or * to list all spells.
The spell is quite dangerous to miscast (8% risk of failure)!
Continue anyway?
Okay, then.
Casting: Frozen Ramparts (quite dangerous; 8% risk of failure)
Confirm with . or Enter, or press ? or * to list all spells.
The spell is quite dangerous to miscast (8% risk of failure)!
Continue anyway?
Casting: Frozen Ramparts (quite dangerous; 8% risk of failure)
Press: ? - help, Dir - look around, f - activate The walls around you are covered in ice.
The wall freezes the jackal.
You kill the jackal!
The wall freezes the jackal. x2; The jackal closely misses you.
The wall freezes the jackal. 😎 MP[-3]
You lost 3 mp, and now have 4/8 mp.
The wall freezes the jackal.
You kill the jackal!
The wall freezes the jackal.
You kill the jackal!
The wall freezes Sigmund.
Sigmund casts a spell.
Sigmund flickers and vanishes!
Deactivating autopickup; reactivate with Ctrl-A.
The wall freezes something.
The wall freezes something.
Something barely misses you.
A giant cockroach comes into view.
The wall freezes something.
You hear some strange, mumbled words.
Something tries to affect you, but you resist.
The wall freezes something.
Something barely misses you. 😎 MP[+1]
The frozen ramparts melt away.
Something hits you! 😮 HP[-12]
You take 12 damage, and now have 17/29 hp.
MASSIVE DAMAGE!! (PAUSE)
Casting: Frozen Ramparts (quite dangerous; 7% risk of failure)
Confirm with . or Enter, or press ? or * to list all spells.
The spell is quite dangerous to miscast (7% risk of failure)!
Continue anyway?
Casting: Frozen Ramparts (quite dangerous; 7% risk of failure)
Press: ? - help, Dir - look around, f - activate The walls around you are covered in ice.
The wall freezes the giant cockroach.
The wall freezes something.
Something hits you!
* * * LOW HITPOINT WARNING * * *
The wall freezes the giant cockroach.
You kill the giant cockroach! 😱 HP[-11] MP[-3]
You take 11 damage, and now have 6/29 hp.
MASSIVE DAMAGE!! (PAUSE)
You lost 3 mp, and now have 2/8 mp. 😱 HP[+1]
The wall freezes something.
You hear some strange, mumbled words.
You are confused.
The wall freezes something.
You hear some strange, mumbled words.
You are more confused.
The wall freezes something.
You hear some strange, mumbled words.
Something tries to affect you, but you resist.
The wall freezes something.
Something hits you!
You die...

Skill      XL: |  1  2 |
---------------+-------+-----
Fighting       | 1 |  1.9
Dodging        | |  2.9
Stealth        | |  2.6
Spellcasting   | |  2.7
Ice Magic      | |  4.5

Action                   |  1- 3 |  4- 6 || total
-------------------------+-------+-------++-------
Melee: Short sword       |     8 |     7 ||    15
       Constrict         |     3 |     3 ||     6
       Tentacles         |     3 |     2 ||     5
       Unarmed           |     1 |       ||     1
       Dagger            |       |     1 ||     1
 Cast: Freeze            |    34 |    15 ||    49
       Frozen Ramparts   |       |     2 ||     2
 Stab: Sleeping          |     6 |     4 ||    10
Armor: Skin              |     2 |     1 ||     3
Dodge: Dodged            |    14 |    15 ||    29

Levels and vault maps discovered:
D:1:      dpeg_arrival_pond, layout_basic, serial_shops, shop,
          wad_floor_pattern_untrapped, minmay_cupped
D:2:      layout_basic, basic_altar, ebering_ecumenical_altar_webs
D:3:      layout_loops_ring, uniq_crazy_yiuf_cottage, uniq_sigmund

Notes
Turn   | Place    | Note
-------+----------+-------------------------------------------
     0 | D:1      | mcwallace the Octopode Ice Elementalist began the quest for
                  | the Orb.
     0 | D:1      | Reached XP level 1. HP: 11/11 MP: 3/3
     0 | D:1      | magus.rc [v1.9.6]
   252 | D:1      | Reached XP level 2. HP: 18/18 MP: 3/5
   510 | D:1      | Reached skill level 1 in Fighting
   783 | D:1      | Reached XP level 3. HP: 23/23 MP: 3/6
  1009 | D:1      | Found Peat's Assorted Antiques.
  1112 | D:2      | Learned a level 3 spell: Frozen Ramparts
  1254 | D:2      | Found a faded altar of an unknown god.
  1379 | D:2      | Reached XP level 4. HP: 28/28 MP: 4/7
  1502 | D:2      | Found a white marble altar of Elyvilon.
  2376 | D:3      | Noticed Sigmund
  2386 | D:3      | HP: 6/29 [something (11)]
  2391 | D:3      | Slain by Sigmund

Vanquished Creatures
  7 adders
  3 ball pythons
  3 endoplasms
  2 giant cockroaches
  4 goblins (D:1)
  4 hobgoblins
  3 jackals (D:3)
  6 kobolds
  A quokka (D:1)
  4 bats
  3 frilled lizards
  7 rats
47 creatures vanquished.

Table legend:
 A = Non-vault XP
 B = Vault XP
 C = Vault XP percentage of total XP
 D = Non-vault monster count
 E = Vault monster count
 F = Vault count percentage of total count
                 A         B        C        D         E       F
            +---------+---------+-------+---------+---------+-------
      Total |     147 |       4 |   2.6 |      45 |       2 |   4.3
            +---------+---------+-------+---------+---------+-------
        D:1 |      31 |       4 |  11.4 |      20 |       2 |   9.1
        D:2 |      82 |       0 |   0.0 |      19 |       0 |   0.0
        D:3 |      34 |       0 |   0.0 |       6 |       0 |   0.0
            +---------+---------+-------+---------+---------+-------

Illustrated notes

Table legend:
 A = Kills in this place as a percentage of kills in entire the game.
 B = Kills by you in this place as a percentage of kills by you in the entire game.
 C = Kills by friends in this place as a percentage of kills by friends in the entire game.
 D = Other kills in this place as a percentage of other kills in the entire game.
 E = Experience gained in this place as a percentage of experience gained in the entire game.
 F = Experience gained in this place divided by the number of levels of this place that you have seen.
                   A       B       C       D       E      F
               +-------+-------+-------+-------+-------+----------------------
         Total | 100.0 | 100.0 |   N/A |   N/A | 100.0 |  50.3
       Dungeon | 100.0 | 100.0 |   N/A |   N/A | 100.0 |  50.3
               +-------+-------+-------+-------+-------+----------------------

Table legend: (Time is in decaauts)
 A = Elapsed time spent in this place.
 B = Non-inter-level travel time spent in this place.
 C = Inter-level travel time spent in this place.
 D = Time resting spent in this place.
 E = Time spent auto-exploring this place.
 F = Levels seen in this place.
 G = Mean time per level.
                   A        B        C        D        E       F      G
               +--------+--------+--------+--------+--------+-----+--------+
         Total |   2392 |   2361 |     31 |     95 |   1958 |   3 |  797.3 |
       Dungeon |   2392 |   2361 |     31 |     95 |   1958 |   3 |  797.3 |
               +--------+--------+--------+--------+--------+-----+--------+

Top non-repeatable levels by time:
     D:2: 1210 daAuts
     D:1: 1059 daAuts
     D:3: 122 daAuts
